Unix NetHack Version 5.0.0-0 post-release - last build May 31 2026 23:59:36 (970b52f25bf058293b47ddfd14a1e40e571c508c,branch:main).

Game began 2026-06-03 15:22:14, ended 2026-06-03 17:51:18.

DiePARTEI, neutral female human Tourist

                              --------------------
                              |..(>^.........^=+.|
                            ---....------------|.|
                            |....-@|---|.......+.|
                            |.--..g|...|.......|--
                            |..........|.......|
                            |....-.--.-|...<...|
                            |.-..0.|...|.......|
                            |...-....0.|.......|
                            |.-.00-00|.|.......|
                            |...0....|----------
                            ---.|....|
                              --------

DiePARTEI the Excursionist  St:15 Dx:15 Co:25 In:16 Wi:10 Ch:15  Neutral
Dlvl:6  $:240 HP:0(56) Pw:29(29) AC:1  Xp:7 T:12747  Burdened

Latest messages:
 The straw golem hits!
 The straw golem hits again!
 The straw golem misses!
 The straw golem hits!
 You destroy the straw golem!
 With great effort you move the boulder.
 With great effort you move the boulder.
 With great effort you move the boulder.
 You see here an uncursed expensive camera.
 The boulder suddenly rolls away from you!
 You hear a boulder fall.
 With great effort you move the boulder.
 With great effort you move the boulder.
 You try to move the boulder, but in vain.
 You see here an uncursed expensive camera.
 The boulder suddenly rolls away from you!
 You hear a boulder fall.
 You miss the gremlin.
 The gremlin hits!
 The gremlin hits again!
 The gremlin just misses!
 The gremlin misses!
 The gremlin hits!
 The gremlin hits again!
 The gremlin bites!
 The gremlin hits!
 You hit the gremlin!
 The gremlin hits!
 The gremlin just misses!
 The gremlin bites!
 The gremlin hits!
 You miss the gremlin.
 The gremlin hits!
 The gremlin hits again!
 The gremlin just misses!
 The gremlin hits!
 You miss the gremlin.
 The gremlin hits!
 The gremlin hits again!
 The gremlin misses!
 The gremlin hits!
 The gremlin hits!
 The gremlin misses!
 The gremlin bites!
 You die...
 Do you want your possessions identified? [ynq] (y) y
 Do you want to see your attributes? [ynq] (y) y
 Do you want an account of creatures vanquished? [ynaq] (y) y
 Do you want to see your conduct and achievements? [ynq] (y) y
 Do you want to see the dungeon overview? [ynq] (y) y

Inventory:
 Coins    ('$')
  $ - 240 gold pieces
 Weapons  (')')
  a - 5 +2 darts (at the ready)
  u - 20 +0 darts
  Q - the +0 Sting
  T - the rustproof +3 Ogresmasher (weapon in right hand)
 Armor    ('[')
  K - an uncursed +0 cornuthaum
  H - an uncursed thoroughly rusty +2 orcish helm (being worn)
  t - an uncursed thoroughly rusty +0 pair of iron shoes (being worn)
  U - an uncursed +0 pair of levitation boots
  r - an uncursed thoroughly rusty +0 dwarvish roundshield (being worn)
  s - an uncursed +0 alchemy smock with text "If you can't stand the heat, get out of Gehennom!" (being worn)
  e - an uncursed +0 mummy wrapping
  i - an uncursed +0 Hawaiian shirt with a giant eel motif (being worn)
  o - an uncursed +0 dwarvish mithril-coat (being worn)
 Comestibles  ('%')
  G - 5 uncursed food rations
  d - 3 uncursed fortune cookies
  B - 5 uncursed tripe rations
  E - an uncursed lizard corpse
 Scrolls  ('?')
  D - a cursed scroll of blank paper
  Y - an uncursed scroll of confuse monster
  I - an uncursed scroll of destroy armor
  R - 2 uncursed scrolls of earth
  C - an uncursed scroll of identify
  h - 4 uncursed scrolls of magic mapping
  f - an uncursed scroll of remove curse
  J - 2 uncursed scrolls of teleportation
 Spellbooks  ('+')
  Z - an uncursed spellbook of slow monster
 Potions  ('!')
  n - an uncursed potion of gain ability
  v - an uncursed potion of gain energy
  c - a cursed potion of healing
  L - an uncursed potion of levitation
  M - an uncursed potion of water
 Rings    ('=')
  q - an uncursed +1 ring of increase damage
  N - a cursed -1 ring of protection
  V - an uncursed ring of regeneration
  b - an uncursed ring of shock resistance
  F - a cursed ring of teleportation
 Wands    ('/')
  P - a wand of cold (0:5)
  A - a wand of create monster (0:10)
  W - a wand of digging (0:6)
  w - a cursed wand of sleep (0:5)
  S - a wand of striking (0:4)
 Tools    ('(')
  l - an uncursed blindfold
  g - a cursed brass lantern
  j - an expensive camera (0:69)
  X - a +0 pick-axe
  x - an uncursed skeleton key
 Gems/Stones  ('*')
  k - 2 uncursed amethyst stones
  y - 2 uncursed worthless pieces of black glass
  O - 3 uncursed worthless pieces of green glass
  m - an uncursed worthless piece of violet glass
  p - an uncursed worthless piece of yellow glass
  z - an uncursed worthless piece of yellowish brown glass

DiePARTEI the Tourist's attributes:

Background:
 You were an Excursionist, a level 7 female human Tourist.
 You were neutral, on a mission for The Lady
 who was opposed by Blind Io (lawful) and Offler (chaotic).
 You were right-handed.
 You were in Sokoban, on level 6.
 You entered the dungeon 12747 turns ago.
 You had 1186 experience points, 94 more were needed to attain level 8.

Basics:
 You had 0 out of 56 hit points.
 You had all 29 energy points (spell power).
 Your armor class was 1.
 Your wallet contained 240 zorkmids.
 Autopickup was off.

Final Characteristics:
 Your strength was 15 (limit:18/100).
 Your dexterity was 15 (limit:18).
 Your constitution was 25 (base:15, innate limit:18).
 Your intelligence was 16 (limit:18).
 Your wisdom was 10 (limit:18).
 Your charisma was 15 (limit:18).

Final Status:
 You weren't hungry.
 You were burdened; movement was slightly slowed.
 You were wielding a hammer.
 You had basic skill with hammer.

Final Attributes:
 You were piously aligned.
 You were poison resistant.
 You were acid resistant.
 Your items were protected from acid.
 You were guarded.
 Your spell casting was impaired by metallic armor.
 You are dead.

Miscellaneous:
 You encountered 1 bones level.
 Total elapsed playing time was 1 hour, 14 minutes and 48 seconds.

Major events:
 Turn
    1: DiePARTEI the neutral female human Tourist entered the dungeon
 2615: attained the rank of Sightseer (level 3)
 5329: was bestowed with Ogresmasher by The Lady
 5957: chose a runed dagger to be named "Sting"
 7303: entered the Gnomish Mines
 8354: attained the rank of Excursionist (level 6)
11202: entered Sokoban
11405: completed 1st Sokoban level
12232: completed 2nd Sokoban level
12747: killed by a gremlin

Spells:
 Name                 Level Category     Fail Retention
 detect food            2   divination   100%   51%-75%
 jumping                1   escape       100%   51%-75%
 stone to flesh         3   healing      100%   51%-75%

Skills:
 Fighting Skills
   bare handed combat [Basic]
   two weapon combat  [Unskilled]
   riding             [Unskilled]
 Weapon Skills
   dagger             [Unskilled]
   knife              [Unskilled]
   axe                [Unskilled]
   pick-axe           [Unskilled]
   short sword        [Unskilled]
   broadsword         [Unskilled]
   long sword         [Unskilled]
   two-handed sword   [Unskilled]
   saber              [Unskilled]
   mace               [Unskilled]
   morning star       [Unskilled]
   flail              [Unskilled]
   hammer             [Basic]
   quarterstaff       [Unskilled]
   polearms           [Unskilled]
   spear              [Unskilled]
   trident            [Unskilled]
   lance              [Unskilled]
   bow                [Unskilled]
   sling              [Unskilled]
   crossbow           [Unskilled]
   dart               [Basic]
   shuriken           [Unskilled]
   boomerang          [Unskilled]
   whip               [Unskilled]
   unicorn horn       [Unskilled]
 Spellcasting Skills
   divination spells  [Unskilled]
   enchantment spells [Unskilled]
   escape spells      [Unskilled]

Voluntary challenges:
 Character rerolling was not enabled.
 You never genocided any monsters.
 You never polymorphed an object.
 You never changed form.
 You used no wishes.
 You did not violate any of the special Sokoban rules.
Achievements:
 You attained the rank of Sightseer.
 You entered a shop.
 You entered the Gnomish Mines.
 You attained the rank of Excursionist.
 You entered Sokoban.

 The Dungeons of Doom: levels 1 to 9
    Level 1:
       An altar to The Lady, a grave.
    Level 2:
       A general store.
    Level 3:
       A fountain.
       Stairs down to The Gnomish Mines.
    Level 4:
       An altar.
    Level 5:
       An altar, some fountains, a grave.
    Level 6:
    Level 7:
       A potion shop, some fountains, a sink.
    Level 8:
       A fountain.
       Final resting place for
          Snaker3-Wiz-Elf-Mal-Cha, killed by a water moccasin.
    Level 9:
       Stairs up to Sokoban, level 8.
 The Gnomish Mines: levels 4 to 5
    Level 4:
    Level 5:
 Sokoban: levels 8 up to 6
    Level 6: <- You were here.
       Unsolved.
       Final resting place for
          you, killed by a gremlin.
    Level 7:
       Solved.
    Level 8:
       Solved.


Vanquished creatures:
  a large mimic
  a small mimic
  a leather golem
  a quivering blob
  a rust monster
  a lizard
  a dingo
  a dwarf leader
  a gnome mummy
 an imp
  2 Mordor orcs
  a fog cloud
  a yellow light
  a shrieker
  2 violet fungi
  4 gnome leaders
  a gray ooze
  a straw golem
  a paper golem
  a giant ant
  a little dog
  a floating eye
  3 dwarves
  a homunculus
  a hill orc
  2 rothes
  a rabid rat
  a giant bat
  5 dwarf zombies
  4 iguanas
 an acid blob
  2 gas spores
  5 hobbits
  7 manes
  3 large kobolds
  2 hobgoblins
  9 giant rats
  a cave spider
  a yellow mold
  a red mold
 12 gnomes
  a gnome zombie
  8 geckos
 12 jackals
  4 foxes
  2 kobolds
  5 goblins
 10 sewer rats
 11 grid bugs
  2 bats
  9 lichens
 24 newts
177 creatures vanquished.

No species were genocided or became extinct.

Game over:
                       ----------
                      /          \
                     /    REST    \
                    /      IN      \
                   /     PEACE      \
                  /                  \
                  |    DiePARTEI     |
                  |      240 Au      |
                  |   killed by a    |
                  |     gremlin      |
                  |                  |
                  |                  |
                  |       2026       |
                 *|     *  *  *      | *
        _________)/\\_//(\/(/\)/\//\/|_)_______

Aloha DiePARTEI the Tourist...

You died in Sokoban on dungeon level 6 with 5234 points,
and 240 pieces of gold, after 12747 moves.
You were level 7 with a maximum of 56 hit points when you died.

